 Dungeon Sprint DCSS version 0.30-a0-187-gd9c2deaf24 (webtiles) character file.

Game seed: 17360269878283752069

2000000 ytrimaz the Slayer (level 16, -51/162 HPs)
             Began as a Demonspawn Monk on Oct 3, 2022.
             Was the Champion of Makhleb.
             Annihilated by a meat berserker
             ... wielding a +9 battleaxe
              (61 damage)
             ... in the Dungeon (Sprint VIII: "Arena of Blood").
             The game lasted 00:00:42 (20 turns).

ytrimaz the Slayer (Demonspawn Monk)                  Turns: 20, Time: 00:00:43

Health: -51/162    AC:  2    Str: 14    XL:     16   Next: 20%
Magic:  16/16      EV: 39    Int: 12    God:    Makhleb [******]
Gold:   0          SH:  0    Dex: 25    Spells: 15/15 levels left

rFire   . . .      SeeInvis .    i - +∞ Axe of Woe
rCold   . . .      Faith    .    (shield currently unavailable)
rNeg    . . .      Spirit   .    a - +0 robe
rPois   .          Reflect  .    (no helmet)
rElec   .          Harm     .    (no cloak)
rCorr   .          Rampage  .    (no gloves)
Will    +....      NoTele   +    (no boots) Stlth **++++++++
                                 (no amulet)
HPRegen 0.47/turn                (no ring)
MPRegen 0.15/turn                (no ring)

@: mighty, agile
A: hooves 1, thin skeletal structure 2, ignite blood 1, powered by pain 2,
bedeviling
a: Renounce Religion, Minor Destruction, Lesser Servant of Makhleb, Major
Destruction, Greater Servant of Makhleb


You were in the Dungeon.
You worshipped Makhleb.
Makhleb was exalted by your worship.
You visited 1 branch


Innate Abilities, Weirdness & Mutations

You have large cloven feet.
You have a moderately thin skeletal structure. (Dex +4, Stealth++)
Your demonic aura sometimes causes spilled blood to erupt in flames.
You sometimes gain power by taking damage.
Your hexes are more powerful.


   Skills:
 + Level 25.2 Fighting
 + Level 23.3 Dodging
 + Level 25.1 Stealth
 + Level 23.3 Unarmed Combat


You had 15 spell levels left.
You didn't know any spells.
Your spell library was empty.

Inventory:

Hand Weapons
 i - the +∞ Axe of Woe (weapon)
   (You found it in the Dungeon)
Armour
 a - a +0 robe (worn)
Scrolls
 h - a scroll of blinking
Potions
 b - a potion of ambrosia
 c - a potion of curing
 d - a potion of heal wounds
 e - a potion of haste
 f - 2 potions of magic
 g - a potion of berserk rage

Dungeon Overview and Level Annotations

Branches:
Dungeon (1/1) Zot: 27000

Altars:
Makhleb

.. .... .. ...
#. ..# #.. ..# .
.###.. ..###..
....o.###.......
......._).......
....#.○O))#....
. #_)@☼_# .
#.○O○.#
....☼_O....
.....O###......
.###.. o.###.
#.. ..# #.. ..#
.o ..


You could see 2 large bags of meat, 2 meat berserkers and 3 bags of meat.


Message History

You kill the bag of meat!
Makhleb accepts your kill.
You slash the bag of meat!
You butcher the bag of meat messily.
You kill the bag of meat!
Makhleb accepts your kill.
You can now summon a greater servant of Makhleb.
You slash the bag of meat!
You dissect the bag of meat like a pig carcass.
You kill the bag of meat!
Makhleb accepts your kill.
You feel better.
You slash the bag of meat!
You cleave the bag of meat in twain.
You kill the bag of meat!
Makhleb accepts your kill.
You slash the bag of meat!
You dissect the bag of meat like a pig carcass.
You kill the bag of meat!
Makhleb accepts your kill.
You feel better.
You hit the bag of meat. You chop the bag of meat into pieces.
You kill the bag of meat!
Makhleb accepts your kill.
You feel better.
You hear a shout! x2
A meat berserker comes into view. It is wielding a +9 battleaxe.
You hear a shout! x8
A meat berserker comes into view. It is wielding a +9 battleaxe.
You hear a shout! x4
A bag of meat comes into view. It is wielding a +9 war axe.
You hear a shout! x7
The large bag of meat moves out of view.
The meat berserker moves out of view.
Your Fighting skill gained 3 levels and is now at level 24!
Your Dodging skill gained 2 levels and is now at level 22!
Your Stealth skill gained 3 levels and is now at level 24!
Your Unarmed Combat skill gained 2 levels and is now at level 22!
You have reached level 15!
Your experience leads to an increase in your attributes!
Increase (S)trength, (I)ntelligence, or (D)exterity?
You feel agile. x2; Your demonic ancestry asserts itself...
You feel devilish.
You have reached level 16!
You feel agile.
Your demonic ancestry asserts itself...
You feel even more energised by your suffering. 😮 HP[+92] MP[+2]
You now have 161 max hp (+22).
You regained 92 hp, and now have 111/161 hp.
Your mp is fully restored (16).
Unknown command.
You hit the bag of meat.
You hew the bag of meat savagely.
You kill the bag of meat!
Makhleb accepts your kill.
You feel better.
The destroyer appears out of thin air!
A destroyer comes into view. It is wielding a +9 vorpal great sword.
You hear a shout! x8
The meat berserker rages.
You hear a shout! x5
A meat berserker comes into view. It is wielding a +9 battleaxe.
You hear a shout! x3; The destroyer shouts!
You hear a shout! x2
Your Fighting skill increases to level 25!
Your Dodging skill increases to level 23!
Your Stealth skill increases to level 25!
Your Unarmed Combat skill increases to level 23! 😕 HP[+21]
You now have 162 max hp (+1).
You regained 21 hp, and now have 132/162 hp.
Unknown command.
Unknown command.
You hear a shout! x6
The bag of meat hits you with a +9 war axe!!!
You hear a shout!
The meat berserker hits you with a +9 battleaxe!!!!
Ouch! That really hurt!
* * * LOW HITPOINT WARNING * * *
You focus on the pain.
You feel mightier all of a sudden.
You hear a shout! x6 😱 HP[-121]
You take 121 damage, and now have 11/162 hp.
MASSIVE DAMAGE!! (PAUSE)
You slash the meat berserker!
You butcher the meat berserker messily.
You kill the meat berserker!
Makhleb accepts your kill.
You feel better.
You slice the bag of meat!!
You cleave the bag of meat in twain.
You kill the bag of meat!
Makhleb accepts your kill.
You slash the destroyer!
You slaughter the destroyer joyfully.
You destroy the destroyer!
Makhleb accepts your kill.
You feel better.
The meat berserker rages.
You hear a shout! x2
The meat berserker is engulfed in blazing flames.
You hear a shout! x7
The meat berserker hits you with a +9 battleaxe!!!!
* * * LOW HITPOINT WARNING * * *
A bag of meat comes into view. It is wielding a +9 war axe.
The meat berserker hits you with a +9 battleaxe!!!
You die...

Skill      XL: |  1  2  3  4  5  6  7  8  9 10 11 12 13 14 15 16 |
---------------+-------------------------------------------------+-----
Fighting       | 13 17 21 24 25 | 25.2
Dodging        | 12 16 19 22 23 | 23.3
Stealth        | 13 17 21 24 25 | 25.1
Unarmed Combat | 12 16 19 22 23 | 23.3

Action                   |  1- 3 |  4- 6 |  7- 9 | 10-12 | 13-15 | 16-18 || total
-------------------------+-------+-------+-------+-------+-------+-------++-------
Melee: Executioner's axe |     1 |       |       |     1 |     4 |     2 ||     8
Dodge: Dodged            |       |       |       |       |     1 |       ||     1

Levels and vault maps discovered:
D:        meatsprint

Notes
Turn   | Place    | Note
-------+----------+-------------------------------------------
     0 | D        | Found the +∞ Axe of Woe
     0 | D        | ytrimaz the Demonspawn Monk began the quest for the Orb.
     0 | D        | Reached XP level 1. HP: 18/18 MP: 1/1
     0 | D        | magus.rc [v1.9.6]
     1 | D        | Noticed a bag of meat
     1 | D        | Noticed a bag of meat
     3 | D        | Became a worshipper of Makhleb the Destroyer
     3 | D        | Reached * piety under Makhleb
     3 | D        | Reached ** piety under Makhleb
     5 | D        | Noticed a bag of meat
     5 | D        | Noticed a bag of meat
     5 | D        | Noticed a bag of meat
     8 | D        | Killed a bag of meat
     9 | D        | Reached skill level 13 in Fighting
     9 | D        | Reached skill level 12 in Dodging
     9 | D        | Reached skill level 13 in Stealth
     9 | D        | Reached skill level 12 in Unarmed Combat
     9 | D        | Gained mutation: You have large cloven feet. [demonic
                  | ancestry]
     9 | D        | Reached XP level 2. HP: 40/40 MP: 2/2
     9 | D        | Gained mutation: You sometimes gain a little power by
                  | taking damage. [demonic ancestry]
     9 | D        | Reached XP level 3. HP: 46/46 MP: 3/3
     9 | D        | Reached XP level 4. HP: 53/53 MP: 4/4
     9 | D        | Gained mutation: You have a somewhat thin skeletal
                  | structure. (Dex +2, Stealth+) [demonic ancestry]
     9 | D        | Reached XP level 5. HP: 59/59 MP: 5/5
     9 | D        | Reached XP level 6. HP: 66/66 MP: 6/6
     9 | D        | Reached XP level 7. HP: 72/72 MP: 7/7
     9 | D        | Reached XP level 8. HP: 79/79 MP: 8/8
     9 | D        | Gained mutation: Your demonic aura sometimes causes spilled
                  | blood to erupt in flames. [demonic ancestry]
     9 | D        | Reached XP level 9. HP: 85/85 MP: 9/9
     9 | D        | Gained mutation: You have a moderately thin skeletal
                  | structure. (Dex +4, Stealth++) [demonic ancestry]
     9 | D        | Reached XP level 10. HP: 92/92 MP: 10/10
     9 | D        | Noticed a meat berserker
    10 | D        | Killed a bag of meat
    10 | D        | Killed a bag of meat
    10 | D        | Killed a bag of meat
    10 | D        | Reached *** piety under Makhleb
    10 | D        | Noticed a meat berserker
    10 | D        | Noticed a bag of meat
    10 | D        | Noticed a bag of meat
    11 | D        | Reached skill level 17 in Fighting
    11 | D        | Reached skill level 16 in Dodging
    11 | D        | Reached skill level 17 in Stealth
    11 | D        | Reached skill level 16 in Unarmed Combat
    11 | D        | Reached XP level 11. HP: 108/108 MP: 11/11
    11 | D        | Reached XP level 12. HP: 116/116 MP: 12/12
    11 | D        | Reached XP level 13. HP: 122/122 MP: 13/13
    11 | D        | Noticed a bag of meat
    12 | D        | Killed a meat berserker
    12 | D        | Noticed a bag of meat
    12 | D        | Noticed a bag of meat
    12 | D        | Noticed a bag of meat
    13 | D        | Reached skill level 19 in Fighting
    13 | D        | Reached skill level 17 in Dodging
    13 | D        | Reached skill level 19 in Stealth
    13 | D        | Reached skill level 17 in Unarmed Combat
    13 | D        | Killed a meat berserker
    13 | D        | Killed a bag of meat
    13 | D        | Reached **** piety under Makhleb
    13 | D        | Noticed a bag of meat
    13 | D        | Noticed a bag of meat
    13 | D        | Noticed a bag of meat
    14 | D        | Reached skill level 21 in Fighting
    14 | D        | Reached skill level 19 in Dodging
    14 | D        | Reached skill level 21 in Stealth
    14 | D        | Reached skill level 19 in Unarmed Combat
    14 | D        | Reached XP level 14. HP: 138/138 MP: 14/14
    14 | D        | Noticed a bag of meat
    14 | D        | Noticed a bag of meat
    16 | D        | Killed a bag of meat
    16 | D        | Noticed a meat berserker
    16 | D        | HP: 19/138 [bag of meat/+9 war axe (45)]
    17 | D        | Reached skill level 20 in Dodging
    17 | D        | Reached skill level 20 in Unarmed Combat
    17 | D        | Noticed a large bag of meat
    17 | D        | Noticed a large bag of meat
    17 | D        | Killed a bag of meat
    17 | D        | Killed a bag of meat
    17 | D        | Reached ***** piety under Makhleb
    17 | D        | Killed a bag of meat
    17 | D        | Killed a bag of meat
    17 | D        | Killed a bag of meat
    17 | D        | Killed a bag of meat
    17 | D        | Noticed a meat berserker
    17 | D        | Noticed a meat berserker
    17 | D        | Noticed a bag of meat
    18 | D        | Reached skill level 24 in Fighting
    18 | D        | Reached skill level 22 in Dodging
    18 | D        | Reached skill level 24 in Stealth
    18 | D        | Reached skill level 22 in Unarmed Combat
    18 | D        | Gained mutation: Your hexes are more powerful. [demonic
                  | ancestry]
    18 | D        | Reached XP level 15. HP: 105/153 MP: 15/15
    18 | D        | Gained mutation: You sometimes gain power by taking damage.
                  | [demonic ancestry]
    18 | D        | Reached XP level 16. HP: 111/161 MP: 16/16
    18 | D        | Noticed a meat berserker
    18 | D        | Noticed a destroyer
    19 | D        | Reached skill level 25 in Fighting
    19 | D        | Reached skill level 23 in Dodging
    19 | D        | Reached skill level 25 in Stealth
    19 | D        | Reached skill level 23 in Unarmed Combat
    20 | D        | Killed a meat berserker
    20 | D        | Killed a destroyer
    20 | D        | Reached ****** piety under Makhleb
    20 | D        | Annihilated by a meat berserker

Vanquished Creatures
  A vampire knight (D)
  3 ogres (D)
  14 orcs (D)
18 creatures vanquished.

Table legend:
 A = Non-vault XP
 B = Vault XP
 C = Vault XP percentage of total XP
 D = Non-vault monster count
 E = Vault monster count
 F = Vault count percentage of total count
                 A         B        C        D         E       F
            +---------+---------+-------+---------+---------+-------
      Total |   84587 |  136525 |  61.7 |       7 |      11 |  61.1
            +---------+---------+-------+---------+---------+-------
          D |   84587 |  136525 |  61.7 |       7 |      11 |  61.1
            +---------+---------+-------+---------+---------+-------

Illustrated notes

Table legend:
 A = Kills in this place as a percentage of kills in entire the game.
 B = Kills by you in this place as a percentage of kills by you in the entire game.
 C = Kills by friends in this place as a percentage of kills by friends in the entire game.
 D = Other kills in this place as a percentage of other kills in the entire game.
 E = Experience gained in this place as a percentage of experience gained in the entire game.
 F = Experience gained in this place divided by the number of levels of this place that you have seen.
                   A       B       C       D       E      F
               +-------+-------+-------+-------+-------+----------------------
         Total | 100.0 | 100.0 |   N/A |   N/A | 100.0 | 221112.0
       Dungeon | 100.0 | 100.0 |   N/A |   N/A | 100.0 | 221112.0
               +-------+-------+-------+-------+-------+----------------------

Table legend: (Time is in decaauts)
 A = Elapsed time spent in this place.
 B = Non-inter-level travel time spent in this place.
 C = Inter-level travel time spent in this place.
 D = Time resting spent in this place.
 E = Time spent auto-exploring this place.
 F = Levels seen in this place.
 G = Mean time per level.
                   A        B        C        D        E       F      G
               +--------+--------+--------+--------+--------+-----+--------+
         Total |     25 |     25 |      0 |      0 |      0 |   1 |   25.0 |
       Dungeon |     25 |     25 |      0 |      0 |      0 |   1 |   25.0 |
               +--------+--------+--------+--------+--------+-----+--------+

Top non-repeatable levels by time:
       D: 25 daAuts
